Map: Ruines d’Endion

Players

GlitterGirl - Winner!

  • Race: Terran Terran
  • League: Silver
  • Spawn Location: 7:00

zidar

  • Race: Zerg Zerg
  • League: Gold
  • Spawn Location: 5:00

VOD

Have the link to the VOD?

Description

Time

  • Played on: July 8, 2016, 12:23 p.m.
  • Length: 22:56
Show
View Real Time Build Order
Export as new Build Order

GlitterGirl Terran - Winner!

Build Orders: Mech 

Get SALT Encoding   

  12  0:05  SCV  
  13  0:17  SCV  
  13  0:21  Supply Depot  
  14  0:29  SCV  
  16  0:42  SCV  
  16  0:45  Barracks  
  16  0:55  SCV  
  17  1:07  SCV  
  18  1:19  SCV  
  19  1:27  Command Center  
  19  1:31  SCV  
  20  1:36  Marine  
  20  1:37  Supply Depot  
  21  1:45  Orbital Command  
  21  1:53  Refinery  
  21  1:54  Marine  
  21  1:58  Refinery  
  22  2:13  SCV  
  23  2:25  SCV  
  24  2:37  SCV  
  25  3:06  Barracks Reactor  
  25  3:14  Factory  
  25  3:16  Engineering Bay  
  25  3:19  Refinery  
  25  3:21  Refinery  
  25  3:25  SCV x2  
  27  3:37  SCV  
  29  3:41  Planetary Fortress  
  28  3:50  SCV  
  28  3:55  Neosteel Armor  
  29  4:02  SCV  
  30  4:08  Factory Reactor  
  30  4:09  Command Center  
  30  4:13  Marine x2, Starport  
  30  4:16  SCV  
  28  4:27  SCV  
  28  4:31  Marine x2  
  31  4:40  SCV x2  
  33  4:47  Liberator  
  33  4:49  Marine x2  
  33  4:52  SCV x2  
  37  5:04  SCV x2  
  42  5:12  Liberator  
  42  5:16  SCV x2  
  46  5:35  Hi-Sec Auto Tracking  
  49  5:36  Widow Mine  
  49  5:44  SCV x2  
  52  5:55  Planetary Fortress  
  52  5:56  SCV x2  
  53  6:08  SCV x2  
  57  6:15  Widow Mine  
  57  6:20  SCV x2  
  59  6:28  Factory  
  59  6:32  Factory  
  59  6:33  Factory, Missile Turret  
  59  6:37  Missile Turret, SCV  
  59  6:38  SCV  
  61  6:51  Supply Depot  
  61  6:56  Supply Depot  
  61  6:57  Missile Turret  
  61  7:00  Missile Turret  
  61  7:07  Missile Turret  
  61  7:10  Missile Turret  
  61  7:12  SCV  
  61  7:13  Missile Turret x2  
  61  7:15  SCV x2  
  66  7:16  Missile Turret  
  66  7:18  Factory Tech Lab  
  66  7:22  Missile Turret x2  
  66  7:23  Factory Reactor  
  66  7:24  Factory Tech Lab  
  66  7:29  Factory Tech Lab  
  64  7:32  Armory  
  64  7:37  Armory  
  64  7:38  SCV x3  
  67  7:50  SCV  
  68  7:53  Siege Tank x3  
  77  8:07  Missile Turret  
  77  8:08  Missile Turret x2  
  77  8:15  Missile Turret  
  77  8:22  Terran Vehicle Weapons Level 1  
  77  8:24  Terran Ship Weapons Level 1  
  77  8:46  Terran Infantry Weapons Level 1  
  77  8:59  Refinery  
  77  9:01  Refinery  
  77  9:08  SCV  
  77  9:35  Supply Depot  
  77  9:37  Supply Depot  
  77  9:38  Supply Depot x2  
  77  9:40  Supply Depot x2  
  77  9:46  Command Center  
  77  9:57  Viking, Thor  
  77  9:58  Viking, SCV x2  
  93  10:00  Thor x2, Supply Depot  
  93  10:01  Supply Depot  
  93  10:03  Supply Depot  
  93  10:06  Widow Mine x2  
  105  10:19  Terran Vehicle And Ship Armor Level 1  
  105  10:27  Viking  
  105  10:28  Viking  
  90  10:39  Widow Mine x2  
  90  10:40  Thor  
  90  10:42  Starport x2  
  96  10:44  Terran Ship Weapons Level 2, Starport  
  96  10:45  Starport  
  98  10:50  Widow Mine  
  98  10:56  Command Center  
  94  10:57  Viking  
  94  10:58  Viking  
  94  11:03  Drilling Claws  
  98  11:22  Hellbat x4  
  98  11:24  Starport Reactor x2  
  106  11:26  Starport Reactor x2  
  106  11:30  Viking x2  
  110  11:35  SCV x3  
  110  11:36  SCV  
  114  11:43  Liberator  
  127  12:01  Liberator  
  127  12:02  Liberator x2, Widow Mine x3  
  127  12:03  Widow Mine x2  
  127  12:12  Terran Vehicle Weapons Level 2  
  136  12:41  Planetary Fortress  
  136  12:46  SCV x4  
  140  12:58  SCV x3  
  143  13:00  Terran Vehicle And Ship Armor Level 2  
  143  13:10  Viking  
  143  13:11  Viking x5  
  121  13:39  Liberator x4  
  131  13:42  Widow Mine x3  
  131  13:43  Widow Mine x2  
  153  14:11  Widow Mine x5  
  139  14:32  Hellbat x3  
  139  14:33  Hellbat  
  139  14:34  Liberator x5  
  141  14:39  Widow Mine  
  154  14:56  Viking  
  164  15:01  Widow Mine x4  
  166  15:08  Widow Mine  
  156  15:24  Refinery  
  156  15:27  Refinery  
  156  15:28  Planetary Fortress  
  164  15:29  Widow Mine x3  
  164  15:30  Widow Mine  
  164  15:31  SCV x4  
  158  15:36  Widow Mine  
  156  15:43  SCV x2  
  164  15:58  Widow Mine x4  
  166  16:05  Widow Mine  
  166  16:26  Widow Mine  
  166  16:27  Widow Mine x3  
  154  16:33  Widow Mine  
  154  16:48  Hellbat x3  
  162  16:55  Widow Mine, Hellbat  
  162  16:59  Marine x2  
  166  17:09  Hellbat  
  166  17:10  Hellbat x2  
  172  17:16  Hellbat x2  
  172  17:17  Marine x2  
  178  17:35  Marine  
  179  18:06  Supply Depot  
  179  18:07  Supply Depot x3  
  179  18:08  Supply Depot  
  179  18:09  Supply Depot x2  
  179  18:12  Supply Depot  
  179  18:28  Marine x2, Viking x5  
  179  18:29  Viking  
  199  18:42  Viking  
  199  18:43  Viking x2  
  199  18:46  Marine  
  200  18:56  Orbital Command  
  200  18:58  Viking x2  
  160  19:11  Viking x4  
  160  19:12  Viking x2  
  160  19:13  Viking  
  178  19:21  Widow Mine x3  
  178  19:22  Widow Mine x2  
  152  19:45  Marine x2  
  161  19:50  Widow Mine x5  
  158  20:03  Marine x2  
  162  20:18  Widow Mine x3  
  162  20:19  Widow Mine x2  
  162  20:20  Marine  
  162  20:21  Marine  
  132  20:38  Marine x2  
  132  20:47  Widow Mine  
  128  20:50  Hellbat  
  128  20:51  Hellbat x3  
  128  20:56  Marine x2  
  138  21:08  Hellbat  
  140  21:12  Hellbat x2  
  140  21:14  Marine x2  
  138  21:24  Viking  
  138  21:25  Viking x8  
  148  21:26  Viking  
  148  21:32  Marine x2  
  151  21:50  Marine x2  
  151  21:54  Viking x2  
  151  22:07  Marine x2  
Show
View Real Time Build Order
Export as new Build Order

zidar Zerg 

Build Orders: Hatch First 

Get SALT Encoding   

  12  0:01  Drone  
  13  0:12  Overlord  
  13  0:17  Drone  
  14  0:31  Drone x2  
  16  0:51  Hatchery  
  16  0:52  Drone  
  16  0:56  Extractor  
  15  0:58  Drone  
  16  1:13  Spawning Pool  
  15  1:21  Drone  
  15  1:22  Drone  
  17  1:26  Drone  
  17  1:32  Drone  
  19  1:43  Overlord  
  19  2:03  Metabolic Boost  
  19  2:04  Queen  
  19  2:07  Queen  
  23  2:11  Zergling x2  
  23  2:14  Zergling x2  
  25  2:17  Zergling x2  
  26  2:33  Drone x4  
  26  2:37  Overlord  
  30  2:49  Drone x3  
  33  3:08  Baneling Nest  
  32  3:13  Zergling x8  
  32  3:15  Zergling x2  
  32  3:16  Zergling x8  
  41  3:34  Drone x3  
  44  3:51  Lair  
  44  4:05  Overlord x4  
  44  4:06  Overlord  
  37  4:34  Extractor  
  37  4:38  Drone x10  
  46  4:40  Pneumatized Carapace  
  46  5:02  Extractor  
  46  5:05  Extractor  
  44  5:14  Spore Crawler  
  43  5:22  Spore Crawler  
  43  5:24  Drone x5  
  47  5:38  Spire  
  47  5:39  Centrifical Hooks  
  47  5:42  Zergling x18  
  55  5:43  Zergling x4  
  57  6:02  Baneling x6  
  57  6:04  Baneling x4  
  57  6:06  Hatchery  
  56  6:12  Drone x2  
  56  6:15  Drone  
  56  6:16  Drone x3  
  62  6:20  Zergling x6  
  65  6:38  Evolution Chamber  
  64  6:40  Evolution Chamber  
  63  6:51  Drone x2  
  63  6:53  Queen  
  67  6:57  Overlord x2  
  67  6:58  Overlord x3  
  67  7:02  Zerg Flyer Weapons Level 1  
  67  7:04  Zerg Melee Weapons Level 1  
  67  7:06  Zerg Ground Armor Level 1  
  67  7:34  Corruptor x3  
  67  7:35  Corruptor x3  
  79  7:46  Drone x8  
  87  8:02  Drone x6  
  93  8:14  Zergling x16  
  93  8:16  Baneling  
  93  8:17  Baneling x6  
  101  8:43  Zergling x6  
  101  8:44  Zergling x10  
  109  8:51  Drone x4  
  109  8:54  Overlord x6  
  113  9:17  Baneling x14  
  113  9:25  Extractor  
  113  9:26  Drone x6  
  113  9:29  Extractor  
  117  9:39  Zerg Ground Armor Level 2, Zerg Melee Weapons Level 2  
  117  9:40  Zerg Flyer Weapons Level 2  
  117  9:49  Hatchery  
  116  9:55  Infestation Pit  
  115  10:11  Drone  
  115  10:12  Drone x5  
  107  10:33  Zergling x16  
  107  10:34  Zergling x30  
  120  10:36  Overseer  
  120  11:12  Zergling x24  
  120  11:14  Baneling  
  120  11:15  Baneling x11  
  132  11:22  Hive  
  132  11:40  Baneling x13  
  132  11:41  Baneling x4  
  132  12:06  Pathogen Glands  
  132  12:10  Overlord  
  132  12:11  Overlord x3  
  132  12:39  Hatchery  
  131  12:52  Ultralisk Cavern  
  131  12:54  Queen, Hatchery  
  131  13:12  Zerg Ground Armor Level 3  
  131  13:13  Zerg Melee Weapons Level 3  
  131  13:25  Extractor  
  99  13:36  Corruptor x2  
  99  13:37  Corruptor x4  
  99  13:38  Corruptor x3  
  99  13:40  Ultralisk x4  
  99  13:41  Corruptor x2  
  141  13:42  Corruptor x2  
  141  13:44  Ultralisk  
  141  13:45  Corruptor  
  157  13:53  Chitinous Plating  
  125  14:43  Mutalisk x7  
  114  15:23  Ultralisk x3  
  108  15:58  Zergling x30  
  108  15:59  Zergling x54  
  90  16:54  Ultralisk x3  
  90  16:55  Ultralisk x3  
  90  16:56  Ultralisk, Corruptor x2  
  118  17:12  Extractor  
  117  17:23  Adrenal Glands  
  115  17:40  Mutalisk x3  
  115  17:41  Mutalisk x2  
  125  18:14  Corruptor x3  
  119  18:34  Overseer x2  
  119  18:39  Corruptor  
  61  19:11  Zergling x10  
  61  19:12  Zergling x58  
  58  20:00  Zergling x20  
  58  20:01  Zergling x30  
  75  20:22  Zergling x18  
  59  20:52  Zergling x24  
  71  21:00  Baneling  
  65  21:05  Spore Crawler  
  65  21:07  Spore Crawler x3  
  65  21:09  Spore Crawler  
  57  21:12  Spore Crawler  
  35  21:32  Zergling x22  
  26  22:19  Zergling x4  
Tags
 
Composition
Mech
Matchup
TvZ
Spawn Locations
Close Positions
Add a new tag
Caveats
  • Supply blocks, unpowered buildings, or Contaminate may cause inaccurate times.
  • Supply counts are checked every 10 seconds.